 Dungeon Crawl Stone Soup version 0.20-a0-259-gc929cd2 (webtiles) character file.

95 esc the Grave Robber (level 4, 0/36 HPs)
             Began as a Hill Orc Necromancer on Dec 2, 2016.
             Slain by a goblin (3 damage)
             ... led by Robin
             ... on level 2 of the Dungeon.
             The game lasted 00:09:49 (2777 turns).

esc the Grave Robber (Hill Orc Necromancer)         Turns: 2777, Time: 00:09:50

Health: 0/36       AC:  3    Str: 10    XL:     4   Next: 65%
Magic:  6/6        EV: 12    Int: 16    God:
Gold:   83         SH:  0    Dex: 11    Spells: 1/6 levels left

rFire  . . .     SeeInvis .     o - +1 whip (pain)
rCold  . . .     Gourm    +     a - +0 robe
rNeg   . . .     Faith    .     (no shield)
rPois  .         Spirit   .     m - +0 helmet
rElec  .         Reflect  .     (no cloak)
rCorr  .         Harm     .     (no gloves)
MR     .....                    (no boots)
Stlth  ++........               j - amulet of the gourmand {Gourm, !d}
                                (no ring)
                                (no ring)

@: no status effects
A: no striking features
a: no special abilities


You were on level 2 of the Dungeon.
You were completely stuffed.

You visited 1 branch of the dungeon, and saw 3 of its levels.

You collected 83 gold pieces.

Inventory:

Hand Weapons
 h - a cursed -2 short sword
   (You found it on level 1 of the Dungeon)
 l - a +0 spear
   (You found it on level 1 of the Dungeon)
 o - a +1 whip of pain (weapon)
   (You found it on level 2 of the Dungeon)
Armour
 a - a +0 robe (worn)
 m - a +0 helmet (worn)
   (You found it on level 1 of the Dungeon)
Jewellery
 j - an amulet of the gourmand (around neck) {Gourm, !d}
   (You found it on level 1 of the Dungeon)
Scrolls
 f - a scroll of enchant weapon {unknown}
 g - 2 scrolls of identify {unknown}
 i - 2 scrolls of amnesia {unknown}
 p - a scroll of enchant armour {unknown}
 q - 5 scrolls of remove curse {unknown}
Potions
 d - 2 potions of lignification {unknown}
 e - a potion of curing
Books
 b - a book of Necromancy
Comestibles
 c - 4 bread rations {@e1}
 k - a beef jerky
 n - a meat ration {@e2}
 r - 3 fruits
 s - 4 chunks of flesh {@w0}


   Skills:
 + Level 2.1 Fighting
 + Level 0.7 Maces & Flails
 - Level 1.9 Polearms
 - Level 0.9 Armour
 + Level 2.0 Dodging
 - Level 1.5 Stealth
 + Level 1.9 Spellcasting
 + Level 4.3 Necromancy


You had one spell level left.
You knew the following spells:

 Your Spells              Type           Power        Failure   Level  Hunger
a - Animate Skeleton      Necr           N/A          4%          1    #......
r - Regeneration          Chrm/Necr      #.........   28%         3    ###....
A - Pain                  Necr           ###.         4%          1    #......


Dungeon Overview and Level Annotations

Branches:
Dungeon (3/15)

Altars:

Annotations:
D:3 Robin


Message History

The jackal bites you but does no damage.
The jackal closely misses you.
The jackal bites you but does no damage.
You hit the jackal.
You kill the jackal!
The jackal bites you. The jackal barely misses you.
You hit the jackal but do no damage. The jackal barely misses you.
You closely miss the jackal.
The jackal bites you but does no damage. x2
You hit the jackal but do no damage.
The jackal writhes in agony.
The jackal closely misses you.
You barely miss the jackal. The jackal bites you.
The jackal bites you but does no damage.
You take 1 damage, and have 28/36 hp.
You hit the jackal.
You kill the jackal!
No target in view!
You start resting.
Your magical contamination has completely faded away.
You regained 3 hp, and now have 31/36 hp.
MP restored: 6 You see here a jackal corpse.
You butcher the jackal corpse.
s - 2 chunks of flesh {@w0} You see here a jackal corpse.
You butcher the jackal corpse.
s - 3 chunks of flesh {@w0} (gained 1)
There is a stone staircase leading down here.
Items here: ( )) † a club; a hunting sling; 22 stones; a goblin corpse You butcher the goblin corpse.
s - 4 chunks of flesh {@w0} (gained 1)
Things that are here:
a club; a hunting sling; 22 stones
There is a stone staircase leading down here.
You start resting.
Health restored: 36 You climb downwards.
Level annotation: Robin A rat comes into view.
The goblin hits you. The goblin hits you with a club. x2
The goblin barely misses you. The goblin hits you but does no damage.
The jackal closely misses you.
There is a stone staircase leading up here.
You take 4 damage, and have 32/36 hp.
The goblin closely misses you. The goblin hits you with a club.
The goblin closely misses you. The goblin hits you but does no damage.
The jackal closely misses you. The goblin hits you but does no damage.
The goblin barely misses you.
You climb upwards.
There is a stone staircase leading down here.
You take 5 damage, and have 27/36 hp.
You hit the jackal. The jackal barely misses you. The goblin barely misses you.
The goblin closely misses you. The goblin hits you with a club.
The goblin closely misses you. The goblin hits you but does no damage.
The jackal completely misses you.
You take 5 damage, and have 22/36 hp.
You miss the jackal. The goblin closely misses you. The jackal bites you.
The goblin barely misses you. The goblin closely misses you. x2
The goblin barely misses you.
You take 3 damage, and have 19/36 hp.
You completely miss the jackal. The jackal barely misses you.
The goblin misses you. The goblin hits you. The goblin hits you with a club.
The goblin hits you but does no damage. The goblin barely misses you.
The jackal closely misses you.
You take 3 damage, and have 16/36 hp.
You closely miss the jackal. The goblin misses you. The goblin hits you.
The jackal bites you. The goblin hits you but does no damage.
The goblin closely misses you. The goblin barely misses you.
The goblin closely misses you.
You take 1 damage, and have 15/36 hp.
You closely miss the jackal.
The jackal bites you but does no damage.
The goblin barely misses you. The goblin closely misses you.
The goblin barely misses you. The goblin hits you but does no damage.
The goblin barely misses you.
The jackal bites you but does no damage.
You barely miss the jackal. The goblin barely misses you.
The jackal barely misses you. The goblin barely misses you. x2
The goblin misses you. The goblin hits you but does no damage.
You hit the jackal.
You kill the jackal!
The goblin closely misses you. The goblin hits you.
The goblin hits you but does no damage. The goblin hits you with a club.
The goblin closely misses you. The goblin hits you but does no damage.
You take 4 damage, and have 11/36 hp.
You barely miss the goblin. The goblin hits you.
* * * LOW HITPOINT WARNING * * *
The goblin closely misses you. x2; The goblin barely misses you.
The goblin closely misses you. The goblin misses you.
You take 1 damage, and have 10/36 hp.
You barely miss the goblin.
The goblin hits you but does no damage. x2
The goblin misses you.
The goblin closely misses you. x2; The goblin hits you.
* * * LOW HITPOINT WARNING * * *
You take 4 damage, and have 6/36 hp.
You closely miss the goblin. The goblin hits you.
* * * LOW HITPOINT WARNING * * *
The goblin misses you. The goblin closely misses you.
The goblin completely misses you. The goblin hits you.
You die...

### ##############
..######............#############
#...........#######.##...........
#..#####.##.#...# #.##.##########
...............g###.##.#
#.........#....g@g.....#
##.#####..###..ggg.....# #.#
#..#....####.##.# # #.#
#.....#.####.##.# # #.#
#............##.# # #.#
##....#(#######.# #
#.######......# #.# #
#.............# #.# ##
##.######......# #.### #.


You could see 6 goblins.

Vanquished Creatures
  4 adders (D:2)
  An ooze (D:2)
  2 worms (D:2)
  A dart slug (D:2)
  A leopard gecko (D:2)
  A ball python (D:1)
  4 bats
  2 giant cockroaches (D:1)
  A goblin (D:2)
  2 hobgoblins
  6 jackals (D:2)
  14 kobolds
  A quokka (D:2)
  2 frilled lizards
  4 rats
46 creatures vanquished.

Notes
Turn   | Place    | Note
-------+----------+-------------------------------------------
     0 | D:1      | esc the Hill Orc Necromancer began the quest for the Orb.
     0 | D:1      | Reached XP level 1. HP: 14/14 MP: 3/3
    21 | D:1      | Learned a level 1 spell: Animate Skeleton
   457 | D:1      | Reached XP level 2. HP: 21/22 MP: 4/4
   530 | D:1      | Reached skill level 1 in Fighting
  1203 | D:2      | Gained mutation: You are somewhat resistant to further mutation. [potion of beneficial mutation]
  1208 | D:2      | HP: 5/23 [adder (4)]
  1211 | D:2      | Reached XP level 3. HP: 18/28 MP: 5/5
  1393 | D:2      | Reached skill level 1 in Polearms
  1530 | D:2      | Lost mutation: You are somewhat resistant to further mutation. [potion of cure mutation]
  1958 | D:2      | Reached skill level 2 in Fighting
  1958 | D:2      | Reached XP level 4. HP: 29/36 MP: 6/6
  2263 | D:2      | Learned a level 3 spell: Regeneration
  2549 | D:2      | Reached skill level 2 in Dodging
  2685 | D:3      | Noticed Robin
  2776 | D:2      | HP: 6/36 [goblin[Robin] (4)]
  2777 | D:2      | Slain by a goblin

Vault maps used:
D:1:      minmay_arrival_open_corners
D:3:      first_bread, uniq_robin

Skill      XL: |  1  2  3  4 |
---------------+-------------+-----
Fighting       | 1 2 |  2.1
Polearms       | 1 |  1.9
Dodging        | 2 |  2.0
Maces & Flails | |  0.7
Armour         | |  0.9
Stealth        | |  1.5
Spellcasting   | |  1.9
Necromancy     | |  4.3

Action                   |  1- 3 |  4- 6 || total
-------------------------+-------+-------++-------
Melee: Spear             |   153 |    24 ||   177
       Whip              |       |    41 ||    41
 Cast: Animate Skeleton  |     1 |       ||     1
       Pain              |       |     3 ||     3
  Use: Potion            |     5 |       ||     5
 Stab: Sleeping          |     1 |     1 ||     2
  Eat: Chunk             |    11 |     4 ||    15
Armor: Robe              |    20 |    35 ||    55
Dodge: Dodged            |    66 |    90 ||   156

Vault maps used:
D:1:      minmay_arrival_open_corners
D:3:      first_bread, uniq_robin

Table legend:
 A = Turns spent in this place as a percentage of turns spent in the entire game.
 B = Non-inter-level travel turns spent in this place as a percentage of non-inter-level travel turns spent in the entire game.
 C = Inter-level travel turns spent in this place as a percentage of turns spent in this place.
 D = Turns resting spent in this place as a percentage of non-inter-level travel turns spent in this place.
 E = Turns spent auto-exploring this place as a percentage of non-inter-level travel turns spent in this place.
 F = Non-inter-level travel turns spent in this place divided by the number of levels of this place that you've seen.
                   A       B       C       D       E      F
               +-------+-------+-------+-------+-------+----------------------
         Total | 100.0 | 100.0 |   0.5 |   5.0 |   8.3 | 205.3
       Dungeon | 100.0 | 100.0 |   0.5 |   5.0 |   8.3 | 205.3
               +-------+-------+-------+-------+-------+----------------------

Table legend:
 A = Kills in this place as a percentage of kills in entire the game.
 B = Kills by you in this place as a percentage of kills by you in the entire game.
 C = Kills by friends in this place as a percentage of kills by friends in the entire game.
 D = Other kills in this place as a percentage of other kills in the entire game.
 E = Experience gained in this place as a percentage of experience gained in the entire game.
 F = Experience gained in this place divided by the number of levels of this place that you have seen.
                   A       B       C       D       E      F
               +-------+-------+-------+-------+-------+----------------------
         Total | 100.0 | 100.0 |  -nan |  -nan | 100.0 |  45.3
       Dungeon | 100.0 | 100.0 |  -nan |  -nan | 100.0 |  45.3
               +-------+-------+-------+-------+-------+----------------------
